% Time on Ice - VANCOUVER VOODOO
Lines # - Real PCT - Wanted PCT - Time Play
Normal Forward
1 - 35% - 36% - 17:51
2 - 34% - 36% - 17:35
3 - 23% - 24% - 12:06
4 - 8% - 4% - 4:02
Normal Defense
1 - 39% - 36% - 19:58
2 - 32% - 34% - 16:38
3 - 29% - 30% - 14:58
4 - 0% - 0% - 0:00
PP Forward
1 - 45% - 53% - 2:51
2 - 55% - 47% - 3:28
PP Defense
1 - 54% - 53% - 3:25
2 - 46% - 47% - 2:54
PK Forward
1 - 76% - 60% - 1:37
2 - 24% - 40% - 0:30
PK Defense
1 - 43% - 53% - 0:55
2 - 57% - 47% - 1:12
PK3 Forward
1 - 0% - 55%
2 - 0% - 45%
PK3 Defense
1 - 0% - 52%
2 - 0% - 48%
44 Forward
1 - 0% - 51%
2 - 0% - 49%
44 Defense
1 - 0% - 52%
2 - 0% - 48%
Last Minute Offensive  - 0:00
Last Minute Defensive  - 0:00
Total
Forward - 60:00
Defense - 60:00
% Time on Ice - ANAHEIM OUTLAWS
Lines # - Real PCT - Wanted PCT - Time Play
Normal Forward
1 - 34% - 36% - 17:25
2 - 32% - 31% - 16:38
3 - 23% - 23% - 11:57
4 - 11% - 10% - 5:34
Normal Defense
1 - 33% - 36% - 17:13
2 - 33% - 31% - 16:59
3 - 28% - 23% - 14:41
4 - 5% - 10% - 2:41
PP Forward
1 - 75% - 55% - 1:35
2 - 25% - 45% - 0:32
PP Defense
1 - 81% - 55% - 1:43
2 - 19% - 45% - 0:24
PK Forward
1 - 55% - 55% - 3:28
2 - 45% - 45% - 2:51
PK Defense
1 - 57% - 55% - 3:36
2 - 43% - 45% - 2:43
PK3 Forward
1 - 0% - 55%
2 - 0% - 45%
PK3 Defense
1 - 0% - 55%
2 - 0% - 45%
44 Forward
1 - 0% - 55%
2 - 0% - 45%
44 Defense
1 - 0% - 55%
2 - 0% - 45%
Last Minute Offensive  - 0:00
Last Minute Defensive  - 0:00
Total
Forward - 60:00
Defense - 60:00
Play-by-Play 1st period 0:01 of 1st period - Josh Anderson wins face-off versus Michael Rasmussen in neutral zone. 0:04 of 1st period - Joey Anderson is hit by Josh Anderson and loses puck. 0:34 of 1st period - Shot by Michael Rasmussen. 0:34 of 1st period - Stopped by Filip Gustavsson without a rebound. 0:35 of 1st period - Joshua Norris wins face-off versus Carter Verhaeghe in VANCOUVER VOODOO zone. 0:42 of 1st period - Shot by Nicolas Roy. 0:42 of 1st period - Stopped by Jacob Markstrom with a rebound. 0:44 of 1st period - Shot by Rafael Harvey-Pinard. 0:44 of 1st period - Shot Misses the Net. 1:08 of 1st period - Shot by Joshua Norris. 1:08 of 1st period - Stopped by Jacob Markstrom without a rebound. 1:09 of 1st period - Christian Dvorak wins face-off versus Pius Suter in ANAHEIM OUTLAWS zone. 1:33 of 1st period - Shot by Pius Suter. 1:33 of 1st period - Shot Misses the Net. 2:00 of 1st period - Icing by Jordan Harris. 2:01 of 1st period - Christian Dvorak wins face-off versus Kevin Fiala in VANCOUVER VOODOO zone. 2:01 of 1st period - Christian Dvorak is hit by David Gustafsson. 2:06 of 1st period - Off-side. 2:07 of 1st period - Michael Rasmussen wins face-off versus Joshua Norris in neutral zone. 2:18 of 1st period - Off-side. 2:19 of 1st period - Sean Couturier wins face-off versus Adrian Kempe in neutral zone. 3:52 of 1st period - Jeff Skinner is hit by Rafael Harvey-Pinard and loses puck. 4:01 of 1st period - Icing by Alexander Romanov. 4:02 of 1st period - Joshua Norris wins face-off versus Kevin Fiala in VANCOUVER VOODOO zone. 4:09 of 1st period - Shot by Nicolas Roy. 4:09 of 1st period - Shot Misses the Net. 4:11 of 1st period - Shot by Nicolas Roy. 4:11 of 1st period - Deflect By Rafael Harvey-Pinard. 4:11 of 1st period - Stopped by Jacob Markstrom without a rebound. 4:12 of 1st period - Kent Johnson wins face-off versus Christian Dvorak in ANAHEIM OUTLAWS zone. 5:08 of 1st period - Shot by Denis Malgin. 5:08 of 1st period - Stopped by Jacob Markstrom without a rebound. 5:09 of 1st period - Joshua Norris wins face-off versus Kevin Fiala in ANAHEIM OUTLAWS zone. 5:13 of 1st period - Minor Penalty to Joshua Norris for Hooking. 5:14 of 1st period - Michael Rasmussen wins face-off versus Christian Dvorak in VANCOUVER VOODOO zone. 5:21 of 1st period - Shot by Michael Bunting. 5:21 of 1st period - Goal by Michael Bunting - VANCOUVER VOODOO : 0 - ANAHEIM OUTLAWS : 1. 5:22 of 1st period - Adrian Kempe wins face-off versus Nicolas Roy in neutral zone. 5:29 of 1st period - Shot by Adrian Kempe. 5:29 of 1st period - Goal by Adrian Kempe - VANCOUVER VOODOO : 0 - ANAHEIM OUTLAWS : 2. 5:30 of 1st period - Michael Rasmussen wins face-off versus Josh Anderson in neutral zone. 6:09 of 1st period - Shot by Jeff Skinner. 6:09 of 1st period - Stopped by Filip Gustavsson without a rebound. 6:10 of 1st period - Joshua Norris wins face-off versus Adrian Kempe in VANCOUVER VOODOO zone. 6:10 of 1st period - Joshua Norris is hit by Adrian Kempe. 6:49 of 1st period - Shot by Adrian Kempe. 6:49 of 1st period - Shot Misses the Net. 6:51 of 1st period - Shot by Noah Hanifin. 6:51 of 1st period - Stopped by Filip Gustavsson without a rebound. 6:52 of 1st period - Kevin Fiala wins face-off versus Sean Couturier in VANCOUVER VOODOO zone. 7:15 of 1st period - Sean Couturier is hit by Rasmus Ristolainen and loses puck. 7:21 of 1st period - Icing by Rasmus Ristolainen. 7:22 of 1st period - Christian Dvorak wins face-off versus Kevin Fiala in ANAHEIM OUTLAWS zone. 7:23 of 1st period - Shot by Josh Bailey. 7:23 of 1st period - Shot Misses the Net. 7:25 of 1st period - Shot by Jonathan Drouin. 7:25 of 1st period - Shot Misses the Net. 7:27 of 1st period - Shot by Christian Dvorak. 7:27 of 1st period - Goal by Christian Dvorak - VANCOUVER VOODOO : 1 - ANAHEIM OUTLAWS : 2. 7:28 of 1st period - Joshua Norris wins face-off versus Michael Rasmussen in neutral zone. 7:56 of 1st period - Shot by Joshua Norris. 7:56 of 1st period - Stopped by Jacob Markstrom without a rebound. 7:57 of 1st period - Adrian Kempe wins face-off versus Alex Newhook in ANAHEIM OUTLAWS zone. 8:12 of 1st period - Off-side. 8:13 of 1st period - Christian Dvorak wins face-off versus Pius Suter in neutral zone. 8:21 of 1st period - Minor Penalty to Noah Hanifin for Delaying the game. 8:22 of 1st period - Sean Couturier wins face-off versus Michael Rasmussen in ANAHEIM OUTLAWS zone. 8:27 of 1st period - Shot by Nicolas Roy. 8:27 of 1st period - Shot Misses the Net. 8:59 of 1st period - Shot by Alexander Romanov. 8:59 of 1st period - Stopped by Jacob Markstrom without a rebound. 9:00 of 1st period - Michael Bunting wins face-off versus Joshua Norris in ANAHEIM OUTLAWS zone. 9:15 of 1st period - Shot by Josh Anderson. 9:15 of 1st period - Deflect By Joshua Norris. 9:15 of 1st period - Shot Misses the Net. 9:17 of 1st period - Shot by Josh Anderson. 9:17 of 1st period - Stopped by Jacob Markstrom without a rebound. 9:18 of 1st period - Joshua Norris wins face-off versus Kent Johnson in ANAHEIM OUTLAWS zone. 11:23 of 1st period - Icing by Jordan Harris. 11:24 of 1st period - Michael Rasmussen wins face-off versus Alex Newhook in VANCOUVER VOODOO zone. 11:32 of 1st period - Icing by Carson Soucy. 11:33 of 1st period - Alex Newhook wins face-off versus Adrian Kempe in VANCOUVER VOODOO zone. 11:33 of 1st period - Alex Newhook is hit by Adrian Kempe. 11:57 of 1st period - Shot by Adrian Kempe. 11:57 of 1st period - Shot Misses the Net. 11:59 of 1st period - Shot by Adrian Kempe. 11:59 of 1st period - Shot Misses the Net. 13:02 of 1st period - Shot by Michael Rasmussen. 13:02 of 1st period - Deflect By Jeff Skinner. 13:02 of 1st period - Stopped by Filip Gustavsson without a rebound. 13:03 of 1st period - Joshua Norris wins face-off versus Pius Suter in VANCOUVER VOODOO zone. 13:07 of 1st period - Nicolas Roy is hit by Pius Suter and loses puck. 13:14 of 1st period - Shot by Jack Quinn. 13:14 of 1st period - Stopped by Filip Gustavsson without a rebound. 13:15 of 1st period - Kevin Fiala wins face-off versus Christian Dvorak in VANCOUVER VOODOO zone. 14:14 of 1st period - Off-side. 14:15 of 1st period - Michael Rasmussen wins face-off versus Joshua Norris in neutral zone. 14:41 of 1st period - Morgan Rielly is hit by Rafael Harvey-Pinard and loses puck. 14:58 of 1st period - Shot by Joshua Norris. 14:58 of 1st period - Stopped by Jacob Markstrom without a rebound. 14:59 of 1st period - Christian Dvorak wins face-off versus Adrian Kempe in ANAHEIM OUTLAWS zone. 14:59 of 1st period - Jonathan Drouin is hit by Henri Jokiharju and loses puck. 15:03 of 1st period - Icing by Noah Hanifin. 15:04 of 1st period - Christian Dvorak wins face-off versus Carter Verhaeghe in ANAHEIM OUTLAWS zone. 15:04 of 1st period - Christian Dvorak is hit by Henri Jokiharju. 15:32 of 1st period - Shot by Carter Verhaeghe. 15:32 of 1st period - Shot Misses the Net. 15:34 of 1st period - Shot by Adrian Kempe. 15:34 of 1st period - Goal by Adrian Kempe - VANCOUVER VOODOO : 1 - ANAHEIM OUTLAWS : 3. 15:35 of 1st period - Kent Johnson wins face-off versus Joshua Norris in neutral zone. 15:39 of 1st period - Jack Quinn is hit by Nicolas Hague and loses puck. 15:51 of 1st period - Minor Penalty to Jack Quinn for Tripping. 15:52 of 1st period - Joshua Norris wins face-off versus Kent Johnson in ANAHEIM OUTLAWS zone. 16:09 of 1st period - Shot by Josh Bailey. 16:09 of 1st period - Stopped by Jacob Markstrom with a rebound. 16:11 of 1st period - Shot by Ryan Suter. 16:11 of 1st period - Shot Misses the Net. 16:13 of 1st period - Shot by Joshua Norris. 16:13 of 1st period - Goal by Joshua Norris - VANCOUVER VOODOO : 2 - ANAHEIM OUTLAWS : 3. 16:14 of 1st period - Adrian Kempe wins face-off versus Sean Couturier in neutral zone. 16:21 of 1st period - Shot by Adrian Kempe. 16:21 of 1st period - Stopped by Filip Gustavsson without a rebound. 16:22 of 1st period - Michael Rasmussen wins face-off versus Rafael Harvey-Pinard in VANCOUVER VOODOO zone. 18:10 of 1st period - Christian Dvorak is hit by Rasmus Ristolainen and loses puck. 18:25 of 1st period - Shot by Jonathan Drouin. 18:25 of 1st period - Shot Blocked by Rasmus Ristolainen. 18:27 of 1st period - Shot by Carson Soucy. 18:27 of 1st period - Stopped by Jacob Markstrom without a rebound. 18:28 of 1st period - Joshua Norris wins face-off versus Adrian Kempe in ANAHEIM OUTLAWS zone. 18:28 of 1st period - Joshua Norris is hit by Morgan Rielly. 18:50 of 1st period - Shot by Rafael Harvey-Pinard. 18:50 of 1st period - Stopped by Jacob Markstrom with a rebound. 18:52 of 1st period - Shot by Nicolas Hague. 18:52 of 1st period - Stopped by Jacob Markstrom without a rebound. 18:53 of 1st period - Christian Dvorak wins face-off versus Kevin Fiala in ANAHEIM OUTLAWS zone. 18:56 of 1st period - Shot by Jonathan Drouin. 18:56 of 1st period - Shot Misses the Net. 18:58 of 1st period - Shot by Carson Soucy. 18:58 of 1st period - Stopped by Jacob Markstrom without a rebound. 18:59 of 1st period - Michael Rasmussen wins face-off versus Sean Couturier in ANAHEIM OUTLAWS zone. 18:59 of 1st period - Michael Rasmussen is hit by Josh Anderson. 19:06 of 1st period - Noah Hanifin is hit by Alexander Romanov and loses puck. 19:31 of 1st period - Shot by Michael Rasmussen. 19:31 of 1st period - Shot Hit the Post. 19:33 of 1st period - Shot by Noah Hanifin. 19:33 of 1st period - Shot Blocked by Ryan Suter. 19:35 of 1st period - Shot by Joey Anderson. 19:35 of 1st period - Shot Blocked by Alexander Romanov. 19:37 of 1st period - Shot by Michael Rasmussen. 19:37 of 1st period - Shot Blocked by Alexander Romanov. Goals for this period are 2 for VANCOUVER VOODOO vs 3 for ANAHEIM OUTLAWS. Shots for this period are 15 for VANCOUVER VOODOO vs 9 for ANAHEIM OUTLAWS. 2nd period 0:01 of 2nd period - Adrian Kempe wins face-off versus Sean Couturier in neutral zone. 0:16 of 2nd period - Icing by Morgan Rielly. 0:17 of 2nd period - Joshua Norris wins face-off versus Adrian Kempe in ANAHEIM OUTLAWS zone. 1:05 of 2nd period - Nicolas Roy is hit by Michael Rasmussen and loses puck. 1:31 of 2nd period - Minor Penalty to Henri Jokiharju for High sticking. 1:32 of 2nd period - Joshua Norris wins face-off versus Kent Johnson in ANAHEIM OUTLAWS zone. 2:35 of 2nd period - Shot by Sean Couturier. 2:35 of 2nd period - Deflect By Jonathan Drouin. 2:35 of 2nd period - Stopped by Jacob Markstrom without a rebound. 2:36 of 2nd period - Sean Couturier wins face-off versus Jeff Skinner in ANAHEIM OUTLAWS zone. 2:59 of 2nd period - Shot by Jonathan Drouin. 2:59 of 2nd period - Shot Misses the Net. 3:23 of 2nd period - Off-side. 3:24 of 2nd period - Josh Bailey wins face-off versus Kent Johnson in neutral zone. 3:32 of 2nd period - Icing by Noah Hanifin. 3:33 of 2nd period - Sean Couturier wins face-off versus Kevin Fiala in ANAHEIM OUTLAWS zone. 3:33 of 2nd period - Sean Couturier is hit by Henri Jokiharju. 3:45 of 2nd period - Shot by Sean Couturier. 3:45 of 2nd period - Stopped by Jacob Markstrom without a rebound. 3:46 of 2nd period - Christian Dvorak wins face-off versus Pius Suter in ANAHEIM OUTLAWS zone. 3:47 of 2nd period - Shot by Jonathan Drouin. 3:47 of 2nd period - Shot Misses the Net. 3:56 of 2nd period - Off-side. 3:57 of 2nd period - Josh Anderson wins face-off versus Adrian Kempe in neutral zone. 4:47 of 2nd period - Icing by Michael Bunting. 4:48 of 2nd period - Adrian Kempe wins face-off versus Joshua Norris in ANAHEIM OUTLAWS zone. 4:53 of 2nd period - Nicolas Roy is hit by Adrian Kempe and loses puck. 5:44 of 2nd period - Shot by Ryan Suter. 5:44 of 2nd period - Deflect By Christian Dvorak. 5:44 of 2nd period - Shot Misses the Net. 5:51 of 2nd period - Josh Bailey is hit by Henri Jokiharju and loses puck. 6:06 of 2nd period - Shot by Josh Bailey. 6:06 of 2nd period - Stopped by Jacob Markstrom without a rebound. 6:07 of 2nd period - Sean Couturier wins face-off versus Pius Suter in ANAHEIM OUTLAWS zone. 6:16 of 2nd period - Shot by Josh Anderson. 6:16 of 2nd period - Shot Hit the Post. 6:47 of 2nd period - Minor Penalty to Pius Suter for High sticking. 6:48 of 2nd period - Nicolas Roy wins face-off versus Kent Johnson in ANAHEIM OUTLAWS zone. 8:03 of 2nd period - Shot by Joshua Norris. 8:03 of 2nd period - Deflect By Josh Anderson. 8:03 of 2nd period - Stopped by Jacob Markstrom without a rebound. 8:04 of 2nd period - Jeff Skinner wins face-off versus Joshua Norris in ANAHEIM OUTLAWS zone. 9:06 of 2nd period - Shot by Pierre Engvall. 9:06 of 2nd period -